Map: White Rabbit LE

Players

HeroMarine - Winner!

  • Race: Terran Terran
  • Spawn Location: 1:00

Harstem

  • Race: Protoss Protoss
  • League: Grandmaster
  • Spawn Location: 7:00

VOD

Have the link to the VOD?

Description

Time

  • Played on: Jan. 31, 2026, 9:26 a.m.
  • Length: 6:09
Show
View Real Time Build Order
Export as new Build Order

HeroMarine Terran - Winner!

Build Orders: Banshee Rush 

Get SALT Encoding   

  12  0:00  SCV  
  13  0:12  SCV  
  14  0:17  Supply Depot  
  14  0:24  SCV  
  15  0:38  SCV  
  15  0:40  Barracks  
  16  0:43  Refinery  
  16  0:50  SCV  
  17  0:57  Refinery  
  17  1:02  SCV  
  18  1:14  SCV  
  19  1:27  Barracks Reactor, Orbital Command  
  19  1:28  Supply Depot  
  19  1:42  Factory  
  19  1:52  SCV  
  20  2:03  Reaper x2  
  20  2:04  SCV  
  23  2:17  SCV  
  24  2:23  Command Center  
  24  2:28  Hellion  
  27  2:30  SCV  
  27  2:39  Starport  
  27  2:42  SCV  
  28  2:46  Supply Depot  
  28  2:52  Factory Tech Lab  
  28  2:54  SCV  
  28  2:56  Marine x2  
  31  3:08  SCV  
  32  3:19  Marine x2  
  33  3:20  SCV  
  33  3:26  Factory Tech Lab  
  34  3:28  Banshee  
  34  3:29  Cloaking Field  
  34  3:32  SCV  
  38  3:39  Orbital Command  
  37  3:44  SCV  
  37  3:45  Siege Tank  
  37  3:47  Marine  
  41  3:48  Marine  
  42  3:56  SCV  
  43  4:05  Supply Depot, SCV, Marine  
  43  4:06  Marine  
  43  4:08  SCV  
  47  4:10  Banshee  
  50  4:17  SCV  
  50  4:21  SCV  
  50  4:23  Marine  
  53  4:24  Marine  
  53  4:27  Supply Depot  
  53  4:28  Siege Tank  
  53  4:29  SCV  
  58  4:33  SCV  
  59  4:38  Barracks  
  59  4:40  Supply Depot  
  59  4:41  Marine  
  59  4:42  SCV, Marine  
  62  4:48  SCV  
  63  4:53  Supply Depot, Banshee  
  63  4:57  SCV  
  63  4:59  Marine  
  68  5:00  Marine  
  69  5:08  Siege Tank  
  69  5:09  SCV  
  69  5:10  SCV  
  69  5:13  Barracks  
  74  5:16  Marine  
  74  5:19  Supply Depot, Marine  
  76  5:21  SCV  
  76  5:22  SCV  
  78  5:28  Refinery  
  78  5:29  Engineering Bay  
  78  5:33  SCV  
  78  5:34  SCV, Marine  
  80  5:41  Marine  
  80  5:45  SCV  
  80  5:46  SCV  
  87  5:59  Refinery  
Show
View Real Time Build Order
Export as new Build Order

Harstem Protoss 

Build Orders: 1 Gate Expand, Blink Stalkers 

Get SALT Encoding   

  12  0:00  Probe  
  13  0:12  Probe  
  14  0:16  Pylon  
  14  0:24  Probe  
  15  0:32  Probe  
  15  0:34  Gateway  
  15  0:40  Probe  
  16  0:46  Assimilator  
  17  0:50  Probe  
  18  1:03  Probe  
  19  1:15  Probe  
  20  1:20  Nexus  
  20  1:29  Cybernetics Core  
  20  1:32  Probe  
  21  1:39  Assimilator  
  21  1:44  Probe  
  22  1:48  Pylon  
  22  1:56  Adept  
  22  1:57  Probe  
  23  2:07  Warp Gate  
  25  2:09  Probe  
  26  2:17  Twilight Council, Adept  
  26  2:21  Probe  
  29  2:33  Probe x2  
  31  2:45  Probe x2  
  31  2:46  Blink, Adept  
  35  2:52  Shield Battery  
  35  2:55  Shield Battery  
  35  2:57  Probe  
  36  2:59  Probe  
  37  3:13  Probe  
  37  3:15  Gateway  
  37  3:17  Probe  
  39  3:26  Probe  
  39  3:28  Probe  
  39  3:31  Robotics Facility  
  41  3:35  Probe  
  41  3:39  Probe, Gateway  
  41  3:41  Pylon  
  42  3:43  Probe  
  44  3:49  Probe  
  46  3:55  Probe  
  46  4:00  Stalker  
  46  4:01  Probe  
  49  4:05  Pylon  
  49  4:07  Probe  
  50  4:10  Assimilator  
  50  4:17  Stalker  
  50  4:19  Observer  
  50  4:21  Nexus  
  50  4:23  Probe  
  55  4:28  Stalker  
  57  4:31  Pylon  
  57  4:35  Probe  
  57  4:38  Assimilator, Stalker  
  59  4:39  Observer  
  59  4:42  Probe  
  61  4:47  Probe  
  61  4:48  Robotics Bay  
  61  4:51  Stalker  
  64  4:54  Probe  
  64  4:55  Pylon  
  65  5:04  Probe  
  66  5:10  Probe  
  66  5:11  Stalker  
  69  5:14  Pylon  
  69  5:17  Probe  
  69  5:18  Forge  
  70  5:22  Probe  
  70  5:25  Stalker x2  
  75  5:29  Probe  
  73  5:41  Stalker  
  68  5:42  Probe  
  68  5:44  Probe x2  
  70  5:51  Stalker  
  70  5:53  Stalker  
  70  5:55  Probe  
Tags
 
Add a new tag
Caveats
  • Supply blocks, unpowered buildings, or Contaminate may cause inaccurate times.
  • Supply counts are checked every 10 seconds.